 Dungeon Crawl Stone Soup version 0.31-a0-986-g5e6e4ef867 (webtiles) character file.

Game seed: 8919595453252215042

4 Firecrotchwizard the Changeling (level 1, 0/15 HPs)
             Began as a Merfolk Shapeshifter on Nov 4, 2023.
             Slain by a quokka (3 damage)
             ... on level 1 of the Dungeon.
             The game lasted 00:00:14 (34 turns).

Firecrotchwizard the Changeling (MfSh)                Turns: 34, Time: 00:00:15

Health: 0/15       AC:  2    Str: 14    XL:     1   Next: 60%
Magic:  1/1        EV: 12    Int:  9    God:
Gold:   13         SH:  0    Dex: 13    Spells: 0/0 levels left

rFire   . .          .
                       - Unarmed
rCold   . . .        (no shield)
rNeg    . . .        a - +0 animal skin
rPois   .            (helmet currently unavailable)
rElec   .            (cloak currently unavailable)
rCorr   .            (gloves currently unavailable)
SInv    .            (boots currently unavailable)
Will    .....        (no amulet)
Stlth   +            (no ring)
HPRegen 0.22/turn    (no ring)
MPRegen 0.07/turn

%: no passive effects
@: beast-form
A: beast (slay +2), (nimble swimmer 2), mertail
a: Begin Untransformation


You were on level 1 of the Dungeon.
You were a hulking beast.
You visited 1 branch of the dungeon, and saw 1 of its levels.

You collected 13 gold pieces.

Inventory:

Armour
 a - a +0 animal skin (worn)
Talismans
 c - a beast talisman
 d - a flux talisman
Potions
 b - a potion of lignification


   Skills:
 + Level 1.2 Fighting
 - Level 2.6 Dodging
 * Level 3.4 Unarmed Combat
 + Level 4.1 Shapeshifting


You couldn't memorise any spells.
You didn't know any spells.
Your spell library was empty.

Dungeon Overview and Level Annotations

Branches:
Dungeon (1/15)

Altars:


Innate Abilities, Weirdness & Mutations

You are a hulking beast.
Your limbs bulge with bestial killing power. (Slay +2)
((You are very nimble when in or above water. (Stealth+, EV+, Speed+++)))
Your lower body shifts to a powerful aquatic tail in water.


Message History

Lua error: /dgldir/rcfiles/crawl-git/Firecrotchwizard.rc:334: '' expected near 'end' Welcome, Firecrotchwizard the Merfolk Shapeshifter.
It's a long way down to the Orb of Zot, but that shouldn't be any trouble.
Press ? for a list of commands and other information.
Found a staircase leading out of the dungeon.
Found an escape hatch in the floor.
Found a dagger.
There is an escape hatch in the floor here.
A rat comes into view.
The rat bites you.
You hit the rat.
The rat is heavily wounded.
The rat closely misses you.
You barely miss the rat.
The rat is heavily wounded.
The rat bites you but does no damage.
You punch the rat!
You kill the rat!
No target in view!
Found an escape hatch in the floor.
You now have 13 gold pieces.
A rat and a jackal come into view.
The jackal barks!
You hear a bark!
You hear a shout!
The rat twitches its whiskers.
A jackal comes into view.
You hit the rat.
You kill the rat!
You closely miss the jackal. The jackal barely misses you.
A hobgoblin comes into view.
You hit the jackal.
The jackal is heavily wounded.
The jackal bites you but does no damage.
The jackal closely misses you. The jackal barely misses you.
The jackal bites you.
You hit the jackal. Your punch misses the jackal.
The jackal is severely wounded.
The hobgoblin closely misses you. The jackal bites you. x2
You hit the jackal.
You kill the jackal!
The jackal bites you. The hobgoblin hits you.
* * * LOW HITPOINT WARNING * * *
You are too injured to fight recklessly!
You are too injured to fight recklessly!
You are too injured to fight recklessly!
You hit the jackal.
The jackal is almost dead.
The jackal bites you.
* * * LOW HITPOINT WARNING * * *
The hobgoblin hits you but does no damage.
You hit the jackal.
You kill the jackal!
The hobgoblin barely misses you.
A rat comes into view.
You barely miss the hobgoblin. The hobgoblin hits you.
* * * LOW HITPOINT WARNING * * *
A quokka comes into view.
You hit the hobgoblin.
You punch the hobgoblin, but do no damage.
The hobgoblin is heavily wounded.
The hobgoblin barely misses you. The quokka barely misses you.
You hit the hobgoblin.
The hobgoblin is severely wounded.
The quokka barely misses you. The hobgoblin misses you.
The quokka attacks as it pursues you! The quokka bites you.
You die...

# .. . .# .. ####.#
##. ###.... ...
######...######.#
.#.........hr.g..#
........)#.#>#.#.....
.........#.###.# ###
............#..r
...........###...
.........### ###..
.........## ...
.........>## ....
.#.......#.# ....


You could see a quokka and a hobgoblin.

Vanquished Creatures
  2 jackals (D:1)
  2 rats (D:1)
4 creatures vanquished.

Notes
Turn   | Place    | Note
-------+----------+-------------------------------------------
     0 | D:1      | Firecrotchwizard the Merfolk Shapeshifter began the quest
                  | for the Orb.
     0 | D:1      | Reached XP level 1. HP: 15/15 MP: 1/1
    34 | D:1      | Slain by a quokka

Illustrated notes

Levels and vault maps discovered:
D:1:      onia_arrival_handbag, layout_rooms, serial_shops, shop_statue

Action                     || total
---------------------------++-------
  Melee: Unarmed           ||    13
         Punch             ||     1
 Armour: Animal skin       ||    12
  Dodge: Dodged            ||    10

Table legend: (Time is in decaauts)
 A = Elapsed time spent in this place.
 B = Non-inter-level travel time spent in this place.
 C = Inter-level travel time spent in this place.
 D = Time resting spent in this place.
 E = Time spent auto-exploring this place.
 F = Levels seen in this place.
 G = Mean time per level.
                   A        B        C        D        E       F      G
               +--------+--------+--------+--------+--------+-----+--------+
         Total |     33 |     33 |      0 |      0 |     10 |   1 |   33.0 |
       Dungeon |     33 |     33 |      0 |      0 |     10 |   1 |   33.0 |
               +--------+--------+--------+--------+--------+-----+--------+

Top non-repeatable levels by time:
     D:1: 33 daAuts
